Map: [ESL] Alcyone

Players

XYXY (XY) - Winner!

  • Race: Terran Terran
  • Spawn Location: 1:00

Coffee

  • Race: Terran Terran
  • Spawn Location: 7:00

Event: ESL SC2 Masters 2023 Winter (Regional)

VOD

Have the link to the VOD?

Description

Time

  • Played on: Oct. 28, 2023, 8:38 a.m.
  • Length: 48:45

All games in this series

Show
View Real Time Build Order
Export as new Build Order

XYXY Terran - Winner!

Build Orders: Cyclone Opening 

Get SALT Encoding   

  12  0:00  SCV  
  13  0:12  SCV  
  14  0:17  Supply Depot  
  14  0:24  SCV  
  15  0:38  SCV  
  15  0:39  Barracks  
  16  0:42  Refinery  
  16  0:50  SCV  
  16  0:53  Refinery  
  17  1:02  SCV  
  18  1:14  SCV  
  19  1:26  Reaper  
  19  1:27  Orbital Command  
  19  1:28  Supply Depot  
  20  1:40  Factory  
  20  1:52  SCV  
  21  1:58  Reaper  
  22  2:04  SCV  
  23  2:16  SCV  
  24  2:24  Cyclone  
  24  2:28  SCV  
  24  2:29  Command Center  
  27  2:31  Barracks Reactor  
  27  2:39  Supply Depot  
  27  2:40  SCV  
  28  2:52  SCV  
  28  2:56  Factory Tech Lab  
  29  2:59  Starport  
  29  3:04  SCV  
  30  3:09  Marine x2  
  32  3:14  Refinery  
  32  3:17  Siege Tank, SCV  
  35  3:26  Marine x2  
  37  3:29  SCV  
  38  3:35  Starport Tech Lab  
  38  3:41  Orbital Command, SCV  
  39  3:44  Marine x2  
  41  3:49  Siege Tank  
  44  3:58  SCV  
  45  4:03  Raven  
  45  4:07  SCV, Supply Depot  
  45  4:09  Interference Matrix  
  48  4:10  SCV, Marine  
  50  4:20  SCV  
  50  4:24  Siege Tank  
  54  4:29  SCV  
  54  4:30  Supply Depot  
  54  4:31  Marine x2  
  55  4:32  Supply Depot  
  57  4:39  SCV  
  57  4:44  Raven  
  57  4:45  SCV  
  61  4:51  Marine x2, SCV  
  64  4:56  Supply Depot  
  64  4:57  SCV  
  64  4:58  Siege Tank  
  68  5:03  SCV  
  68  5:09  Marine x2, SCV  
  71  5:15  SCV  
  71  5:18  Raven  
  74  5:21  SCV  
  74  5:22  Command Center  
  75  5:28  Marine  
  75  5:29  Marine  
  75  5:30  Supply Depot  
  75  5:31  SCV  
  78  5:39  SCV  
  79  5:43  Siege Tank  
  79  5:45  SCV  
  79  5:49  Supply Depot  
  83  5:50  Refinery  
  83  5:53  SCV  
  83  5:54  Supply Depot  
  84  5:59  SCV  
  85  6:06  Barracks  
  85  6:07  SCV, Supply Depot  
  85  6:09  Barracks  
  86  6:11  SCV  
  86  6:13  Stimpack  
  86  6:14  Marine  
  86  6:15  Siege Tank  
  91  6:19  SCV  
  91  6:23  SCV  
  91  6:25  Viking x2  
  97  6:30  Supply Depot  
  97  6:32  SCV  
  98  6:33  Marine  
  98  6:37  SCV  
  100  6:41  Engineering Bay  
  100  6:43  Engineering Bay  
  100  6:44  SCV  
  100  6:45  Orbital Command  
  101  6:48  Siege Tank  
  104  6:55  Viking x2  
  104  6:56  SCV x2  
  110  7:02  Barracks Reactor x2  
  110  7:06  Barracks  
  110  7:10  Barracks, Terran Infantry Weapons Level 1  
  110  7:12  Terran Infantry Armor Level 1  
  110  7:13  SCV x2  
  110  7:15  SCV  
  113  7:17  Refinery  
  113  7:23  Siege Tank  
  113  7:25  SCV x2  
  113  7:27  SCV  
  113  7:28  Refinery  
  119  7:34  Sensor Tower  
  119  7:37  SCV x2  
  119  7:39  SCV  
  122  7:49  SCV  
  122  7:50  SCV  
  122  7:51  SCV  
  125  7:52  Medivac  
  125  7:53  Combat Shield  
  125  7:55  Medivac  
  125  7:56  Command Center  
  125  7:57  Marine x2  
  125  7:58  Barracks Reactor  
  131  8:01  Barracks Reactor, SCV  
  131  8:02  Marine x2, SCV  
  135  8:08  SCV  
  135  8:10  Siege Tank, Marine  
  140  8:13  SCV  
  140  8:15  Supply Depot  
  140  8:17  Supply Depot  
  140  8:19  SCV, Marine  
  143  8:20  SCV  
  143  8:23  Sensor Tower  
  144  8:28  SCV  
  144  8:31  SCV  
  144  8:32  Supply Depot, SCV  
  144  8:33  Armory  
  144  8:34  Supply Depot  
  147  8:35  Factory  
  147  8:37  Supply Depot  
  147  8:39  Marine x9  
  147  8:40  SCV  
  157  8:46  Siege Tank  
  157  8:47  Refinery  
  160  8:48  SCV  
  160  8:49  SCV, Refinery  
  162  9:03  Marine x3  
  162  9:05  Marine x3  
  168  9:15  Marine x2  
  168  9:18  Siege Tank  
  168  9:20  Marine x2  
  168  9:21  Marine  
  168  9:23  Medivac x2  
  161  9:28  Terran Vehicle Weapons Level 1  
  161  9:29  Planetary Fortress  
  160  9:31  Marine x3  
  160  9:33  Marine  
  160  9:37  Barracks Reactor  
  165  9:38  Marine x3  
  165  9:39  Siege Tank  
  165  9:45  Command Center  
  170  9:55  Siege Tank  
  170  9:56  Command Center  
  170  9:59  Starport  
  168  10:00  Starport  
  168  10:02  Starport  
  168  10:04  Viking x2  
  172  10:09  Terran Infantry Weapons Level 2  
  172  10:10  Terran Infantry Armor Level 2  
  171  10:17  Armory  
  170  10:23  Siege Tank  
  170  10:27  Siege Tank  
  171  10:29  Marine x5  
  171  10:32  Marine x2  
  171  10:34  Viking x2  
  181  10:36  Starport Tech Lab, Starport Reactor  
  181  10:37  Starport Tech Lab  
  181  10:42  Marine  
  182  10:51  Missile Turret  
  182  10:52  Missile Turret  
  182  10:54  Missile Turret  
  182  10:55  Siege Tank, Missile Turret  
  185  10:57  Planetary Fortress  
  185  11:01  Raven  
  185  11:02  Raven  
  189  11:04  Viking  
  189  11:06  Command Center  
  190  11:20  Missile Turret  
  190  11:21  Missile Turret  
  190  11:22  Missile Turret  
  190  11:25  Missile Turret  
  190  11:29  Terran Vehicle Weapons Level 2  
  190  11:32  Terran Vehicle And Ship Armor Level 1  
  190  11:37  Sensor Tower  
  189  11:42  Viking x4  
  189  11:43  Raven  
  199  12:03  Missile Turret  
  199  12:04  Command Center, Missile Turret, Refinery  
  199  12:05  Missile Turret  
  199  12:06  Missile Turret  
  199  12:18  Refinery x2  
  199  12:26  Viking  
  199  12:29  Command Center  
  200  12:40  Viking x2  
  200  12:42  Command Center  
  200  12:43  Viking  
  194  13:01  Viking x3  
  194  13:02  Siege Tank x2, Marine  
  181  13:09  Marine  
  181  13:10  Viking  
  173  13:20  Marine x3  
  173  13:24  Orbital Command  
  173  13:26  Terran Ship Weapons Level 1  
  176  13:31  Viking x4  
  177  13:34  Raven, Siege Tank x2  
  185  13:44  Planetary Fortress, SCV  
  185  13:46  Command Center  
  186  13:53  SCV x3  
  189  14:00  Orbital Command  
  189  14:01  Raven  
  191  14:03  Viking x3  
  191  14:04  Viking  
  191  14:08  Terran Vehicle And Ship Armor Level 2  
  199  14:10  Sensor Tower  
  199  14:14  Raven  
  200  14:17  Starport  
  200  14:18  Starport  
  200  14:22  Command Center  
  200  14:28  Hi-Sec Auto Tracking, Neosteel Armor  
  200  14:30  Missile Turret  
  197  14:47  Raven  
  197  14:51  Command Center  
  196  14:53  Fusion Core, Command Center  
  196  14:59  Starport Tech Lab, Starport Reactor  
  196  15:07  Command Center  
  196  15:09  Missile Turret  
  196  15:13  Missile Turret  
  196  15:17  Siege Tank  
  198  15:34  Siege Tank  
  195  15:36  Missile Turret  
  195  15:39  Missile Turret, Marine  
  195  15:42  Raven  
  188  15:43  Missile Turret  
  188  15:49  Siege Tank, Command Center, Missile Turret  
  191  15:53  Weapon Refit  
  191  16:03  Orbital Command  
  191  16:05  Orbital Command  
  191  16:06  Siege Tank  
  191  16:09  Refinery  
  194  16:11  Viking x2  
  198  16:20  Refinery  
  194  16:26  Siege Tank  
  194  16:30  Viking  
  194  16:31  Viking x2  
  184  16:44  Viking x2  
  184  16:45  Viking x2  
  188  16:58  Viking x2  
  188  17:00  Viking  
  194  17:04  Planetary Fortress, Missile Turret  
  194  17:10  Orbital Command  
  194  17:12  Orbital Command  
  194  17:16  Viking  
  194  17:20  Viking x2  
  199  17:29  Terran Ship Weapons Level 2, Terran Vehicle And Ship Armor Level 3  
  199  17:48  Viking x2  
  196  17:58  Viking x3  
  191  17:59  Viking x4  
  164  18:18  Viking x2  
  162  18:28  Viking x3  
  162  18:29  Viking  
  176  18:36  Viking  
  178  18:44  Viking, Command Center, Missile Turret  
  178  18:46  Missile Turret  
  178  18:48  Viking  
  184  18:58  Viking  
  184  19:02  Viking x2  
  182  19:04  Raven  
  182  19:07  Raven  
  178  19:10  Siege Tank x2  
  178  19:12  Viking x2  
  178  19:14  Raven  
  190  19:18  Viking  
  190  19:21  Marine x2  
  193  19:28  Viking  
  195  19:32  Viking  
  195  19:34  Missile Turret  
  195  19:38  Raven  
  197  19:56  Missile Turret  
  197  19:57  Missile Turret  
  197  20:00  Terran Ship Weapons Level 3  
  197  20:01  Missile Turret x2  
  197  20:03  Missile Turret  
  197  20:05  Planetary Fortress  
  197  20:07  Terran Vehicle Weapons Level 3  
  197  20:10  Viking  
  197  20:11  Viking x2  
  200  20:37  Missile Turret  
  200  20:39  Missile Turret  
  200  20:49  Viking  
  195  20:52  Viking x2  
  187  20:58  Viking x2  
  187  20:59  Viking  
  187  21:01  Viking  
  187  21:02  Viking x2  
  181  21:10  Command Center  
  181  21:12  Command Center  
  181  21:19  Viking, Command Center  
  181  21:20  Command Center  
  181  21:22  Viking x2  
  187  21:28  Viking x2  
  187  21:29  Viking, Command Center  
  187  21:30  Missile Turret  
  187  21:32  Raven x3  
  199  21:46  Missile Turret  
  199  21:48  Missile Turret  
  199  21:50  Missile Turret  
  199  21:51  Missile Turret  
  199  22:00  Viking x2  
  199  22:11  Sensor Tower  
  199  22:12  Missile Turret  
  199  22:14  Viking x2, Missile Turret  
  200  22:19  Missile Turret  
  200  22:23  Orbital Command  
  200  22:24  Unknown  
  200  22:25  Orbital Command, Command Center  
  197  22:52  Orbital Command x3  
  197  22:57  Siege Tank x2  
  196  23:43  Orbital Command  
  196  23:53  Battlecruiser  
  196  24:01  Battlecruiser x2  
  181  24:17  Missile Turret  
  181  24:18  Missile Turret  
  181  24:19  Viking x6  
  183  24:40  Siege Tank  
  183  24:43  Siege Tank  
  167  24:49  Viking x3  
  167  24:50  Viking  
  167  24:51  Viking x2  
  161  24:57  Orbital Command, Battlecruiser  
  155  25:06  Raven, Battlecruiser  
  163  25:10  Orbital Command  
  163  25:14  Orbital Command  
  163  25:19  Viking x3  
  163  25:20  Viking  
  163  25:21  Viking x2  
  175  25:43  Raven  
  175  25:48  Viking  
  175  25:49  Viking x2  
  180  25:50  Viking  
  180  25:51  Viking x2  
  183  26:01  Battlecruiser  
  189  26:10  Battlecruiser  
  195  26:18  Viking x2  
  195  26:46  Battlecruiser  
  197  27:04  Viking  
  197  27:33  Viking  
  197  27:35  Viking  
  197  27:36  Viking x3, Missile Turret  
  199  27:38  Missile Turret  
  199  27:39  Raven, Orbital Command  
  199  27:42  Viking  
  199  27:45  Missile Turret x2  
  189  27:52  Viking  
  193  28:03  Viking  
  193  28:05  Viking  
  197  28:06  Viking  
  197  28:10  Raven  
  197  28:13  Raven  
  197  28:19  SCV  
  188  28:20  SCV  
  188  28:27  Viking x4  
  191  28:31  SCV  
  191  28:32  SCV  
  199  28:43  SCV  
  198  29:26  Viking  
  195  29:53  Raven  
  195  29:54  Raven, Missile Turret  
  195  29:55  Missile Turret  
  195  29:56  Raven  
  195  29:57  Orbital Command  
  195  30:03  Missile Turret  
  195  30:06  Missile Turret  
  194  30:07  Viking x3  
  196  30:35  SCV  
  197  30:41  Viking  
  199  30:48  Missile Turret  
  199  30:51  Missile Turret  
  199  30:53  Missile Turret  
  198  31:00  Viking x4  
  198  31:01  Viking  
  131  31:25  Siege Tank x2  
  131  31:29  Smart Servos  
  131  31:39  Orbital Command  
  131  31:40  Raven x3  
  137  31:57  Siege Tank x2  
  143  32:14  Battlecruiser x2  
  155  32:19  Battlecruiser  
  161  32:26  Viking  
  161  32:29  Siege Tank x2  
  169  32:31  Viking  
  168  33:18  Battlecruiser  
  168  33:19  Battlecruiser  
  180  33:22  Viking x3  
  180  33:23  Viking, Battlecruiser  
  194  33:38  Orbital Command, Missile Turret  
  153  34:05  Orbital Command  
  153  34:11  Marine x10  
  163  34:28  Orbital Command  
  163  34:29  Marine x4  
  167  34:34  Marine x6  
  173  34:39  Orbital Command  
  173  34:46  Marine  
  173  34:47  Marine  
  146  35:18  Marine  
  93  35:32  Marine x8  
  93  35:33  Marine  
  102  35:36  Marine  
  107  35:42  Hellion  
  107  35:43  Hellion  
  107  35:50  Marine x9  
  107  35:54  Marine  
  113  36:04  Hellion  
  113  36:08  Marine x6  
  121  36:13  Marine  
  120  36:37  Marine  
  120  36:38  Marine x9  
  130  36:41  Orbital Command  
  130  36:55  Marine x3  
  133  37:02  Marine x7  
  140  37:13  Hellion x2, Marine x3  
  147  37:20  Marine x2  
  149  37:45  Marine x2  
  149  37:46  Marine x4  
  154  38:09  Marine x10  
  168  38:13  Hellion x2  
  168  38:40  SCV  
  169  38:48  Marine x5  
  169  38:49  Marine x4  
  178  39:02  Marine  
  178  39:06  Marine x2  
  181  39:30  Marine x2  
  181  39:31  Marine x6  
  188  39:45  Marine x2  
  188  39:48  Marine x2  
  181  40:14  Marine  
  181  40:15  Marine x9  
  190  40:32  Marine x2  
  190  40:33  Marine x2  
  185  41:09  Marine  
  185  41:10  Marine x8  
Show
View Real Time Build Order
Export as new Build Order

Coffee Terran 

Build Orders: Cyclone Opening 

Get SALT Encoding   

  12  0:01  SCV  
  13  0:13  SCV  
  14  0:17  Supply Depot  
  14  0:25  SCV  
  15  0:39  SCV  
  15  0:40  Barracks  
  16  0:44  Refinery  
  16  0:51  SCV  
  16  0:53  Refinery  
  17  1:03  SCV  
  18  1:15  SCV  
  19  1:27  Reaper  
  19  1:28  Orbital Command  
  20  1:33  Supply Depot  
  20  1:43  Factory  
  20  1:53  SCV  
  21  2:00  Reaper  
  22  2:05  SCV  
  23  2:17  SCV  
  24  2:23  Command Center  
  24  2:29  Cyclone  
  26  2:30  SCV  
  26  2:34  Barracks Reactor  
  27  2:41  Supply Depot  
  27  2:43  SCV  
  28  2:53  Starport  
  28  2:55  SCV  
  29  3:02  Cyclone  
  31  3:07  SCV  
  31  3:12  Marine x2  
  34  3:19  SCV  
  35  3:30  Marine, Medivac  
  35  3:31  Marine  
  35  3:33  Refinery  
  39  3:34  SCV  
  39  3:35  Factory Tech Lab  
  39  3:40  Orbital Command  
  40  3:47  SCV  
  41  3:50  Marine x2  
  43  4:00  SCV  
  43  4:02  Starport Tech Lab, Siege Tank  
  46  4:06  SCV  
  46  4:09  Marine x2  
  49  4:12  SCV  
  50  4:18  SCV  
  50  4:20  Raven  
  50  4:21  Interference Matrix, Supply Depot  
  53  4:28  SCV  
  54  4:40  Marine  
  54  4:41  Marine  
  54  4:42  SCV x2  
  54  4:43  Siege Tank  
  58  4:54  SCV x2, Supply Depot  
  58  4:55  Supply Depot  
  58  4:57  Raven  
  62  5:15  SCV x2, Marine x2  
  62  5:17  Siege Tank  
  62  5:19  Command Center  
  69  5:27  SCV x2  
  69  5:28  Refinery  
  71  5:30  Supply Depot  
  71  5:39  SCV x2  
  69  5:43  Viking x2, Stimpack  
  73  5:51  SCV x2  
  75  5:58  Barracks x2  
  75  6:04  SCV  
  76  6:05  Supply Depot  
  76  6:06  Siege Tank  
  79  6:14  SCV  
  79  6:16  SCV  
  81  6:19  Viking x2  
  75  6:28  Engineering Bay  
  75  6:29  Engineering Bay  
  75  6:30  SCV x2  
  77  6:35  Orbital Command  
  77  6:41  Siege Tank  
  77  6:46  SCV x2  
  82  6:48  Barracks Reactor x2  
  82  6:55  Terran Infantry Weapons Level 1, Terran Infantry Armor Level 1  
  60  7:01  Viking x2  
  82  7:02  SCV x2  
  82  7:03  SCV  
  89  7:08  Marine  
  89  7:14  SCV x2  
  89  7:15  Barracks, SCV  
  93  7:16  Barracks  
  93  7:20  Siege Tank  
  96  7:25  Marine x4  
  96  7:29  SCV x3  
  102  7:30  Refinery x2  
  101  7:40  Viking x2  
  101  7:41  SCV x2  
  101  7:43  SCV  
  108  7:51  Supply Depot  
  108  7:52  Supply Depot  
  108  7:53  SCV  
  108  7:54  Combat Shield, Supply Depot  
  109  8:03  Barracks Reactor  
  109  8:04  Barracks Reactor  
  109  8:06  Supply Depot  
  109  8:10  Supply Depot x2  
  109  8:12  Marine x3  
  109  8:13  Siege Tank, SCV x3  
  109  8:15  Viking x2  
  122  8:20  Missile Turret  
  122  8:25  SCV x3  
  125  8:28  Armory  
  125  8:37  Command Center  
  125  8:39  Marine  
  125  8:40  Marine x7  
  125  8:41  Marine  
  133  8:46  Siege Tank  
  133  8:47  Sensor Tower  
  133  8:48  Missile Turret  
  136  8:52  Medivac x2  
  140  9:00  Marine x9  
  140  9:02  SCV x2  
  151  9:03  SCV  
  152  9:14  SCV  
  152  9:16  Terran Infantry Weapons Level 2, Terran Infantry Armor Level 2  
  152  9:18  Siege Tank  
  152  9:24  SCV x2  
  151  9:29  Missile Turret  
  151  9:30  Starport  
  151  9:31  Marine x2, Starport  
  153  9:38  SCV x3  
  156  9:44  Marine  
  156  9:45  Viking x2, Supply Depot x2, Marine x3  
  164  9:46  Supply Depot  
  164  9:51  Siege Tank  
  164  9:59  Marine  
  160  10:00  Marine x3  
  160  10:05  Marine x2  
  166  10:07  Sensor Tower  
  166  10:12  Starport Tech Lab, Starport Reactor  
  164  10:20  Missile Turret  
  164  10:21  Planetary Fortress, Supply Depot  
  162  10:26  Refinery  
  162  10:28  Sensor Tower, Missile Turret, Marine x8, Refinery  
  162  10:32  Siege Tank  
  172  10:47  Factory  
  172  10:49  Barracks Reactor  
  171  10:52  Marine  
  171  10:53  Marine x7  
  179  10:59  Liberator x2  
  179  11:01  Raven  
  187  11:09  Siege Tank  
  187  11:10  Marine  
  187  11:11  Marine x4  
  195  11:23  Command Center  
  195  11:25  Command Center  
  195  11:32  Siege Tank  
  198  11:33  Viking  
  198  11:34  Terran Infantry Weapons Level 3  
  198  11:36  SCV  
  198  11:37  SCV  
  199  11:44  Terran Infantry Armor Level 3  
  197  11:58  Viking  
  199  12:13  Sensor Tower  
  199  12:14  Terran Vehicle Weapons Level 1  
  199  12:16  Armory  
  199  12:21  Starport x2  
  198  12:24  Command Center  
  195  12:33  Viking x2  
  199  12:37  Orbital Command  
  199  12:56  Marine  
  197  13:04  Viking x3  
  151  13:21  Viking, Starport Tech Lab  
  151  13:23  Raven  
  151  13:25  Planetary Fortress  
  155  13:28  Siege Tank x2  
  155  13:33  Marine  
  158  13:34  Marine x3  
  158  13:35  Starport Tech Lab x2  
  158  13:38  Orbital Command, SCV x2  
  163  13:46  Sensor Tower  
  163  13:48  Marine  
  163  13:49  Command Center, Marine x5  
  163  13:50  Command Center  
  163  13:51  Marine  
  163  13:52  Marine x3  
  163  13:53  Viking x3  
  179  13:56  Terran Vehicle And Ship Armor Level 1  
  179  14:05  Raven x3  
  179  14:06  Marine  
  179  14:07  Unknown  
  186  14:13  SCV x2  
  185  14:18  SCV  
  185  14:19  SCV x4  
  185  14:22  Supply Depot  
  190  14:31  Viking x3  
  192  14:33  Missile Turret  
  192  14:34  Sensor Tower  
  196  14:40  Orbital Command  
  188  14:50  Raven x2  
  185  14:54  Raven  
  185  14:55  Siege Tank x2  
  194  15:00  SCV x4  
  194  15:02  Orbital Command  
  194  15:03  Orbital Command  
  196  15:22  Viking  
  196  15:23  Viking  
  196  15:25  Terran Ship Weapons Level 1  
  191  15:39  Viking x4  
  197  15:50  Liberator  
  197  15:53  Fusion Core  
  200  15:57  Missile Turret  
  200  15:58  Refinery x2  
  200  16:05  Terran Vehicle And Ship Armor Level 2  
  200  16:13  Sensor Tower  
  200  16:14  Command Center  
  183  16:27  Raven x2  
  183  16:31  Viking x4  
  183  16:32  Siege Tank x2  
  190  16:33  Raven  
  172  16:52  Command Center  
  172  16:56  Command Center  
  172  17:01  Viking x4, Raven, Marine  
  176  17:02  Marine x8  
  176  17:04  Siege Tank x2  
  197  17:20  Viking  
  196  17:27  Viking  
  197  17:31  Viking  
  199  17:52  Advanced Ballistics  
  199  17:58  Viking x4  
  197  18:02  Viking x2, Terran Ship Weapons Level 2  
  188  18:07  Siege Tank  
  188  18:08  Siege Tank, Marine x9  
  187  18:25  Liberator, Marine  
  187  18:26  Marine x2  
  190  18:27  Liberator  
  190  18:31  Orbital Command  
  190  18:33  Viking x2  
  197  18:35  Terran Vehicle And Ship Armor Level 3  
  197  18:36  Raven  
  198  18:59  Sensor Tower  
  198  19:02  Orbital Command  
  198  19:21  SCV x2  
  198  19:22  Command Center  
  199  19:46  Refinery  
  188  19:56  Viking x5, Command Center  
  197  20:10  Viking  
  199  20:16  Missile Turret  
  199  20:17  Sensor Tower, Missile Turret  
  199  20:24  Command Center x2  
  199  20:33  Command Center  
  199  20:34  Command Center  
  188  20:36  Command Center  
  179  20:50  Command Center  
  179  20:53  Viking x4, Raven  
  179  20:54  Raven x2  
  178  21:03  Siege Tank x2  
  161  21:04  Marine x2  
  161  21:05  Marine x4  
  161  21:06  SCV x3  
  170  21:20  Orbital Command  
  170  21:22  Viking  
  170  21:23  Viking x3  
  170  21:25  Terran Ship Weapons Level 3  
  178  21:28  Raven  
  178  21:30  Viking x2  
  182  21:39  Orbital Command x2  
  182  21:46  Orbital Command  
  182  21:47  Orbital Command x2  
  182  21:52  Viking  
  175  22:00  Viking x4  
  182  22:04  Siege Tank  
  185  22:13  Siege Tank  
  187  22:20  Viking x2  
  191  22:28  Marine  
  192  22:30  Marine x2  
  192  22:31  Marine  
  192  22:34  Marine x2  
  192  22:36  Siege Tank  
  200  22:41  Terran Vehicle Weapons Level 2  
  200  22:58  Sensor Tower  
  197  23:06  Command Center  
  197  23:10  Command Center  
  197  23:18  Viking  
  199  23:34  Marine  
  192  24:12  Refinery  
  192  24:17  Viking x2  
  192  24:18  Viking x2  
  192  24:20  Planetary Fortress  
  189  24:24  Orbital Command  
  189  24:27  Refinery  
  182  24:41  Viking x2  
  168  24:50  Viking x5  
  168  24:52  Siege Tank x2  
  168  24:56  Marine x9  
  153  25:11  Raven x2  
  153  25:13  Marine  
  158  25:14  Marine x7, Starport  
  158  25:17  Starport  
  158  25:18  Starport x2  
  158  25:19  Starport  
  158  25:20  Viking x3  
  171  25:22  Orbital Command  
  171  25:23  Marine  
  171  25:24  Siege Tank x2  
  178  25:31  Marine  
  178  25:32  Marine x5  
  184  25:40  Raven  
  186  25:43  Missile Turret  
  186  25:44  Missile Turret x2  
  186  25:45  Raven, Missile Turret  
  186  25:46  Raven  
  190  25:52  Sensor Tower, Missile Turret  
  190  25:56  Siege Tank x2  
  196  26:03  Missile Turret x2  
  192  26:04  Missile Turret x2  
  192  26:05  Missile Turret  
  192  26:14  Raven  
  193  26:20  Raven x2  
  194  26:29  Missile Turret  
  194  26:30  Viking x2, Missile Turret  
  193  26:48  Raven  
  193  26:52  Viking  
  193  26:53  Viking  
  193  26:54  Missile Turret  
  199  26:58  Missile Turret  
  199  27:00  Missile Turret  
  199  27:01  Missile Turret  
  194  27:21  Siege Tank x2  
  193  27:22  Raven  
  182  27:30  Viking x4  
  187  27:39  Viking x5  
  197  27:53  Siege Tank  
  197  27:57  Raven  
  192  28:01  Viking x4  
  192  28:03  Missile Turret  
  192  28:04  Missile Turret  
  194  28:15  Viking x3  
  198  28:34  Viking  
  200  28:43  Missile Turret  
  200  28:44  Missile Turret  
  200  28:47  Missile Turret  
  196  28:50  Viking x2  
  196  29:07  Siege Tank x2  
  200  29:23  Viking x3  
  200  29:24  Viking  
  198  29:29  Command Center  
  198  29:30  Marine x2  
  198  29:31  Marine x2  
  193  29:33  Marine  
  193  29:49  Orbital Command  
  192  29:54  Marine  
  192  29:55  Marine x6  
  197  30:08  Missile Turret  
  197  30:22  Missile Turret  
  197  30:27  Missile Turret x2  
  197  30:34  Raven  
  193  30:45  Orbital Command  
  193  30:46  Unknown  
  193  31:01  Viking x2  
  193  31:02  Viking x5  
  142  31:05  Marine x2  
  142  31:06  Marine  
  142  31:08  Viking  
  113  31:16  Raven x3  
  119  31:20  Marine x2  
  119  31:21  Marine x3  
  119  31:25  Missile Turret  
  124  31:26  Missile Turret  
  124  31:29  Sensor Tower  
  124  31:34  Marine x4  
  124  31:38  Marine x3  
  124  31:39  Viking, Marine x2  
  128  31:40  Viking x3  
  126  31:50  Raven  
  126  31:53  Marine  
  129  31:55  Viking x3  
  135  32:04  Refinery  
  135  32:12  Viking  
  135  32:13  Marine x6  
  135  32:14  Marine x3  
  146  32:24  Viking  
  148  32:31  Marine x7  
  148  32:35  Marine  
  148  32:36  Marine  
  157  32:48  Marine  
  157  32:49  Marine x5  
  160  33:00  Viking  
  160  33:01  Viking x3, Marine  
  169  33:11  SCV  
  170  33:14  Marine x8  
  170  33:19  Marine  
  179  33:27  Siege Tank  
  179  33:31  Marine  
  179  33:32  Marine x5  
  156  33:53  Marine  
  144  34:03  Marine x8  
  144  34:05  Missile Turret  
  152  34:11  Marine  
  153  34:20  Marine  
  153  34:21  Marine  
  153  34:22  Missile Turret  
  155  34:24  Siege Tank x2  
  155  34:25  Missile Turret, Medivac  
  155  34:28  Marine x5  
  155  34:29  Marine x2  
  170  34:38  Marine  
  170  34:39  Medivac, Marine  
  170  34:43  Missile Turret  
  174  34:46  Marine x7  
  181  34:56  Marine  
  181  34:57  Marine  
  183  35:03  Marine  
  182  35:13  Marine x6  
  152  35:14  Marine x2  
  103  35:21  Marine  
  72  35:28  Raven  
  72  35:29  Raven  
  72  35:31  Marine x6  
  72  35:32  Marine x2  
  72  35:37  SCV  
  72  35:38  Refinery  
  72  35:39  Marine  
  71  35:48  Viking, Marine  
  71  35:49  SCV, Marine x6  
  77  35:50  Marine  
  77  36:04  Marine  
  72  36:06  Marine  
  72  36:07  Marine x6  
  72  36:08  Marine  
  79  36:18  Raven  
  79  36:21  Marine  
  79  36:24  Marine  
  79  36:25  Marine x2  
  85  36:27  Marine x3  
  85  36:28  Raven, Marine x2  
  92  36:39  Marine  
  93  36:42  Marine x2  
  95  36:48  Siege Tank  
  95  36:50  Marine x5  
  95  36:51  Marine  
  104  36:57  Marine  
  104  37:00  Marine x2  
  107  37:07  Marine  
  107  37:08  Marine x4  
  111  37:09  Marine  
  111  37:10  Raven  
  115  37:17  Missile Turret x2  
  115  37:19  Missile Turret  
  115  37:20  Marine x3  
  118  37:25  Marine x3  
  118  37:26  Marine x2  
  123  37:38  Marine x3  
  123  37:39  Raven  
  128  37:48  Marine x6  
  134  37:56  Marine x3  
  127  38:06  Marine x3  
  127  38:08  Raven  
  127  38:09  Marine x2  
  132  38:29  Marine x3  
  132  38:30  Marine x3  
  138  38:57  Raven, Marine x8  
  138  38:58  Marine  
  149  39:15  Marine x4  
  153  39:48  Marine x2  
  153  39:49  Siege Tank  
  154  40:15  Raven  
  153  40:49  Raven  
  154  41:23  Raven  
  153  41:38  Orbital Command, Siege Tank  
  156  41:50  Medivac  
  147  42:28  Marine x3, Medivac  
  152  43:02  Marine x2  
  154  43:11  Raven  
  156  43:45  Marine x5  
  137  44:31  Viking  
  139  44:36  Viking  
  136  45:13  Viking  
  129  46:20  Viking  
  131  46:48  Refinery  
  131  47:20  Viking  
  129  47:59  Missile Turret  
Tags
 
Add a new tag
Caveats
  • Supply blocks, unpowered buildings, or Contaminate may cause inaccurate times.
  • Supply counts are checked every 10 seconds.